 Dungeon Crawl Stone Soup version 0.30.1-11-g7821555f0a (webtiles) character file.

Game seed: 17284366612398365480

165 KittyFluff the Cudgeller (level 5, -3/33 HPs)
             Began as a Gargoyle Berserker on Nov 10, 2023.
             Was a Believer of Trog.
             Slain by Terence
             ... wielding a +0 trident
              (5 damage)
             ... on level 3 of the Dungeon.
             The game lasted 00:07:11 (1758 turns).

KittyFluff the Cudgeller (Gargoyle Berserker)       Turns: 1758, Time: 00:07:11

Health: -3/33      AC:  7    Str: 23    XL:     5   Next: 46%
Magic:  5/5        EV: 11    Int:  7    God:    Trog [**....]
Gold:   101        SH:  0    Dex:  9    Spells: 4/4 levels left

rFire   . . .        a - +0 mace
rCold   . . .        (no shield)
rNeg    + . .        t - +0 leather armour
rPois   ∞            (no helmet)
rElec   +            (no cloak)
rCorr   .            (no gloves)
SInv    .            (no boots)
Will    .....        (no amulet)
Stlth   +            (no ring)
HPRegen 0.25/turn    (no ring)
MPRegen 0.09/turn

%: no passive effects
@: no status effects
A: sickness immunity, AC +4, negative energy resistance 1, electricity
resistance, torment resistance 1, petrification resistance
a: Renounce Religion, Berserk, Trog's Hand


You were on level 3 of the Dungeon.
You worshipped Trog.
Trog was pleased with you.
You visited 1 branch of the dungeon, and saw 3 of its levels.

You collected 101 gold pieces.

Inventory:

Hand Weapons
 a - a +0 mace (weapon)
 g - a +0 sling
Missiles
 e - 6 poisoned darts (quivered)
 f - 5 silver javelins
 h - a throwing net
 s - 3 boomerangs
Armour
 t - a +0 leather armour (worn)
Scrolls
 d - a scroll of immolation {unknown}
 i - 3 scrolls of identify {unknown}
 k - 2 scrolls of amnesia {unknown}
 l - a scroll of summoning {unknown}
 m - a scroll of noise {unknown}
 o - a scroll of fear {unknown}
 p - a scroll of magic mapping {unknown}
 q - a scroll of teleportation {unknown}
Potions
 c - a potion of heal wounds {unknown}
 j - a potion of ambrosia {unknown}
 n - 2 potions of might {unknown}
 r - 2 potions of lignification {unknown}
 u - a potion of degeneration {unknown}


   Skills:
 + Level 3.9 Fighting
 * Level 4.0 Maces & Flails
 * Level 3.8 Armour
 + Level 2.2 Dodging
 + Level 1.9 Stealth


You had 4 spell levels left.
You didn't know any spells.
Your spell library was empty.

Dungeon Overview and Level Annotations

Branches:
Dungeon (3/15)

Altars:
Makhleb
Nemelex Xobeh
Sif Muna
Uskayaw
Vehumet
Zin

Annotations:
D:3 Terence


Innate Abilities, Weirdness & Mutations

You are immune to sickness and miasma.
Your stone body is resilient. (AC +4)
You are immune to poison.
You resist negative energy. (rN+)
You are resistant to electric shocks. (rElec)
You are resistant to unholy torment.
You are immune to petrification.


Message History

You completely miss the hobgoblin. The bat closely misses you.
The bat completely misses you. Terence barely misses you.
The hobgoblin misses you.
You hit the hobgoblin.
The hobgoblin is moderately wounded.
The bat misses you. The bat hits you but does no damage.
Terence barely misses you.
The hobgoblin hits you but does no damage.
The bat closely misses you.
You hit the hobgoblin.
You kill the hobgoblin!
Trog accepts your kill. The bat barely misses you. Terence misses you.
The orc closely misses you.
Terence hits you from afar with a +0 trident.
The bat hits you.
You sock the orc!
You kill the orc!
Trog accepts your kill. The bat barely misses you. The bat closely misses you.
The bat hits you but does no damage. Terence hits you but does no damage.
The bat barely misses you. Terence hits you with a +0 trident.
Items here: ( )) [ ††.
You sock Terence!
Terence is heavily wounded.
The bat barely misses you. The bat closely misses you.
Terence hits you with a +0 trident.
You closely miss Terence.
Terence is heavily wounded.
The bat hits you but does no damage. The bat completely misses you.
Terence hits you with a +0 trident.
* * * LOW HITPOINT WARNING * * *
You hit Terence but do no damage.
Terence is heavily wounded.
The bat hits you but does no damage. Terence barely misses you.
You hit Terence.
Terence is heavily wounded.
Terence hits you with a +0 trident!
* * * LOW HITPOINT WARNING * * *
The bat hits you but does no damage. Terence hits you with a +0 trident.
You die...

.###...###...### ....
#...#.......#... ..#.
#...###...### .. ..#.
#...#..#.#..#.. #. #[
.###...#.#...### ... #.
.#.....#.#.....# .... #.
#...###...###...###.....
+..
...#...#.#...#...@......
##.
.###...#.#...###@)......
#.
#..#...#.#...#.b#.......
#.
#...###...###...#.......
...
#.....#...#.............
###
#.##...###..............
#.......................
####.....#..............
#.....############...
#.....#


You could see Terence and a bat.

Vanquished Creatures
  A jelly (D:3)
  An iguana (D:2)
  A gnoll (D:1)
  3 adders
  2 dart slugs
  7 orcs
  4 bats (D:1)
  5 endoplasms
  A giant cockroach (D:1)
  4 goblins
  6 hobgoblins
  10 kobolds
  5 quokkas
  6 ball pythons
  6 rats
62 creatures vanquished.

Notes
Turn   | Place    | Note
-------+----------+-------------------------------------------
     0 | D:1      | KittyFluff the Gargoyle Berserker began the quest for the
                  | Orb.
     0 | D:1      | Reached XP level 1. HP: 14/14 MP: 1/1
    59 | D:1      | Reached XP level 2. HP: 19/19 MP: 2/2
   347 | D:1      | Reached XP level 3. HP: 21/23 MP: 3/3
   381 | D:1      | Reached skill level 1 in Stealth
   432 | D:1      | Reached ** piety under Trog
   608 | D:2      | Reached XP level 4. HP: 24/28 MP: 4/4
   774 | D:2      | Found a faded altar of an unknown god.
  1266 | D:3      | Reached XP level 5. HP: 6/33 MP: 5/5
  1528 | D:3      | Found a burning altar of Makhleb.
  1533 | D:3      | Found a radiant altar of Vehumet.
  1538 | D:3      | Found a hide-covered altar of Uskayaw.
  1541 | D:3      | Found a glowing silver altar of Zin.
  1543 | D:3      | Found a shimmering blue altar of Sif Muna.
  1550 | D:3      | Found a sparkling altar of Nemelex Xobeh.
  1736 | D:3      | Noticed Terence
  1743 | D:3      | Reached skill level 4 in Maces & Flails
  1758 | D:3      | Slain by Terence

Illustrated notes

Levels and vault maps discovered:
D:1:      lightli_arrival_isolated_outpost, layout_basic, minmay_misc_feat_five
D:2:      layout_basic, basic_ecumenical_altar
D:3:      layout_basic, nicolae_overflow_hallway_of_the_gods, nicolae_titane,
          uniq_terence

Skill      XL: |  1  2  3  4  5 |
---------------+----------------+-----
Stealth        | 1 |  1.9
Armour         | 3 |  3.8
Dodging        | 2 |  2.2
Maces & Flails | 4 |  4.0
Fighting       | |  3.9

Action                     |  1- 3 |  4- 6 || total
---------------------------+-------+-------++-------
  Melee: Mace              |    82 |   101 ||   183
 Invoke: Berserk           |       |     1 ||     1
   Stab: Sleeping          |       |     1 ||     1
 Armour: Animal skin       |    41 |    19 ||    60
         Leather armour    |       |    20 ||    20
  Dodge: Dodged            |    70 |    92 ||   162
